Map: Waterfall

Players

Torkk

  • Race: Protoss Protoss
  • Spawn Location: 7:00

Zoun - Winner!

  • Race: Protoss Protoss
  • Spawn Location: 1:00

Event: DreamHack SC2 Masters 2022 Atlanta (Offline)

VOD

Have the link to the VOD?

Description

Time

  • Played on: Nov. 18, 2022, 9:50 a.m.
  • Length: 4:05

All games in this series

Show
View Real Time Build Order
Export as new Build Order

Torkk Protoss 

Build Orders:  

Get SALT Encoding   

  12  0:00  Probe  
  13  0:13  Probe  
  14  0:20  Pylon  
  14  0:25  Probe  
  15  0:38  Probe (Chrono Boost)  
  15  0:42  Gateway  
  16  0:47  Probe (Chrono Boost), Assimilator  
  17  0:52  Probe (Chrono Boost)  
  18  1:04  Probe  
  18  1:37  Cybernetics Core  
  18  1:38  Probe  
  19  1:51  Probe  
  20  1:54  Nexus  
  20  2:03  Gateway  
  20  2:05  Probe  
  21  2:14  Warp Gate (Chrono Boost), Stalker  
  23  2:22  Pylon  
  23  2:25  Assimilator  
  23  2:40  Probe  
  23  2:42  Twilight Council  
  24  2:50  Gateway  
  24  2:53  Probe  
  25  3:05  Probe (Chrono Boost)  
  26  3:06  Probe (Chrono Boost)  
  29  3:16  Probe x2 (Chrono Boost)  
  29  3:18  Forge  
  31  3:21  Probe x2 (Chrono Boost)  
  31  3:31  Probe  
  34  3:41  Shield Battery  
  29  3:54  Pylon  
Show
View Real Time Build Order
Export as new Build Order

Zoun Protoss - Winner!

Build Orders: 1 Gate Expand 

Get SALT Encoding   

  12  0:00  Probe  
  13  0:12  Probe  
  14  0:17  Pylon  
  14  0:24  Probe (Chrono Boost)  
  15  0:36  Probe (Chrono Boost)  
  15  0:38  Gateway  
  16  0:45  Probe (Chrono Boost)  
  16  0:46  Assimilator  
  17  0:51  Probe  
  18  1:03  Probe  
  19  1:15  Probe  
  20  1:27  Nexus  
  20  1:32  Pylon  
  20  1:40  Cybernetics Core  
  20  1:43  Probe  
  21  1:50  Assimilator, Pylon  
  21  1:55  Probe  
  22  2:07  Probe  
  23  2:14  Warp Gate (Chrono Boost), Stalker (Chrono Boost)  
  23  2:19  Probe  
  26  2:31  Probe  
  26  2:36  Stalker  
  29  2:37  Shield Battery  
  29  2:41  Gateway  
  29  2:42  Probe  
  30  2:47  Probe  
  31  2:55  Probe  
  32  3:04  Probe  
  33  3:06  Stalker  
  35  3:13  Probe (Chrono Boost)  
  35  3:15  Twilight Council  
  35  3:16  Probe (Chrono Boost)  
  37  3:25  Probe (Chrono Boost)  
  39  3:28  Probe (Chrono Boost)  
  39  3:32  Probe (Chrono Boost)  
  39  3:33  Probe (Chrono Boost)  
  41  3:39  Probe  
  42  3:42  Probe  
  42  3:45  Robotics Facility  
  42  3:47  Pylon  
  43  4:01  Sentry  
  45  4:04  Pylon  
Tags
 
Add a new tag
Caveats
  • Supply blocks, unpowered buildings, or Contaminate may cause inaccurate times.
  • Supply counts are checked every 10 seconds.